 Dungeon Crawl Stone Soup version 0.24.0-13-gcf9b319 (webtiles) character file.

Game seed: 15451851606772355685, levelgen mode: deterministic

4034 silenth the Cleaver (level 10, -3/92 HPs)
             Began as a Hill Orc Fighter on Jan 17, 2020.
             Was a Follower of Nemelex Xobeh.
             Slain by an orc warrior
             ... wielding a +0 glaive
              (15 damage)
             ... on level 8 of the Dungeon.
             The game lasted 00:10:42 (7382 turns).

silenth the Cleaver (Hill Orc Fighter)              Turns: 7382, Time: 00:10:42

Health: -3/92      AC: 16    Str: 25    XL:     10   Next: 24%
Magic:  16/16      EV:  4    Int: 13    God:    Nemelex Xobeh [*.....]
Gold:   408        SH: 11    Dex:  5    Spells: 9/9 levels left

rFire    . . .     SeeInvis .   a - +0 war axe
rCold    . . .     Gourm    .   c - +0 shield
rNeg     . . .     Faith    .   g - +0 plate armour
rPois    +         Spirit   .   p - +2 hat
rElec    .         Reflect  +   (no cloak)
rCorr    .         Harm     .   l - +2 pair of gloves {archery}
MR       .....                  (no boots)
Stlth    ..........             t - amulet "Gaidi" {Reflect rPois Str+2 Dex-5 SH+2}
HPRegen  0.25/turn              j - +2 ring of intelligence
MPRegen  0.15/turn              y - +3 ring of intelligence

@: no status effects
A: no striking features
a: Draw Escape, Draw Destruction, Draw Summoning, Renounce Religion


You were on level 8 of the Dungeon.
You worshipped Nemelex Xobeh.
Nemelex Xobeh was aware of your devotion.
You were not hungry.

You visited 2 branches of the dungeon, and saw 9 of its levels.

You collected 408 gold pieces.

Inventory:

Hand Weapons
 a - a +0 war axe (weapon)
 b - a +0 flail of crushing
 w - the +6 dagger of the Known World {speed, rC+ MR+ SInv}
   (You took it off an orc on level 4 of the Dungeon)

   Attacks with this weapon are significantly faster.
   It protects you from cold.
   It affects your resistance to hostile enchantments.
   It lets you see invisible.
Armour
 c - a +0 shield (worn)
 d - a +0 chain mail
 g - a +0 plate armour (worn)
 l - a +2 pair of gloves of archery (worn)
 o - a +0 scale mail
 p - a +2 hat (worn)
 v - a +1 ring mail of fire resistance
Jewellery
 j - a +2 ring of intelligence (left hand)
 t - the amulet "Gaidi" (around neck) {Reflect rPois Str+2 Dex-5 SH+2}
   (You took it off an orc on level 4 of the Dungeon)

   [amulet of reflection]

   It shields you and reflects attacks.
   It affects your strength (+2).
   It affects your dexterity (-5).
   It protects you from poison.
   It affects your SH (+2).
 y - a +3 ring of intelligence (right hand)
Scrolls
 h - 2 scrolls of teleportation
 i - a scroll of identify
 k - a scroll of enchant armour
 n - a scroll of blinking
 r - 4 scrolls of remove curse
Potions
 f - a potion of curing
 m - a potion of flight
 s - a potion of brilliance
 x - a potion of magic
Comestibles
 u - 4 chunks of flesh


   Skills:
 + Level 9.6 Fighting
 * Level 13.5 Axes
 - Level 3.2 Armour
 - Level 3.2 Shields
 * Level 8.2 Invocations


You had 9 spell levels left.
You didn't know any spells.
Your spell library was empty.

Dungeon Overview and Level Annotations

Branches:
Dungeon (8/15)             Temple (1/1) D:6
   Lair: D:8-11

Altars:
Ashenzari
Cheibriados
Dithmenos
Elyvilon
Fedhas
Gozag
Hepliaklqana
Kikubaaqudgha
Makhleb
Nemelex Xobeh
Okawaru
Qazlal
Ru
Sif Muna
Trog
Uskayaw
Vehumet
Wu Jian
Xom
Yredelemnul
Zin
The Shining One


Message History

You closely miss the orc wizard. You hit the orc.
An orc comes into view. It is wielding a +0 club.
You block the orc's attack.
You closely miss the orc warrior.
The orc warrior is severely wounded.
You closely miss the orc wizard.
The orc shouts!
You hit the orc.
You kill the orc!
The orc wizard hits you but does no damage.
The orc warrior hits you with a +0 glaive!!
* * * LOW HITPOINT WARNING * * *
The orc warrior hits you but does no damage.
You see here an arrow.
You feel better.
The orc wizard points at you and mumbles some strange words.
The magic dart hits you but does no damage.
The orc warrior hits you from afar with a +0 glaive!
You die...
Your body disappears without a glow.

#.... # #...# # . #...#
######## .. #...# #.....##
..(##...## #.....##
.....(... #.......
.....)))###########.......
......oo##.......##.......
......)oo@.......#........
...##..o##(.....>#........
. #...##.......'........
......#....†..#########
.......##.......#
......[########## ........
....%..


You could see an orc warrior, an orc wizard and 3 orcs.

Vanquished Creatures
  A two-headed ogre (D:8)
  Pikel (D:7)
  Prince Ribbit (D:5)
  A hungry ghost (D:7)
  A steam dragon (D:8)
  Menkaure (D:5)
  2 ice beasts
  2 orc warriors
  2 sky beasts
  A phantom (D:4)
  A centaur (D:6)
  4 ogres
  2 killer bees (D:8)
  A howler monkey (D:4)
  2 crimson imps (D:7)
  3 orc priests
  2 hounds
  3 bullfrog skeletons
  A jelly (D:8)
  5 orc wizards
  2 iguanas
  Terence (D:2)
  Jessica (D:2)
  Natasha (twice) (D:3)
  5 worker ants
  10 gnolls
  A howler monkey skeleton (D:7)
  13 adders
  A river rat (D:8)
  A shadow imp (D:5)
  An ooze (D:2)
  2 adder skeletons
  3 leopard geckos
  31 orcs
  8 giant cockroaches
  4 goblins
  7 hobgoblins
  9 jackals
  7 quokkas
  8 ball pythons
  5 bats
  4 frilled lizards
  9 kobolds
  6 rats
178 creatures vanquished.

Vanquished Creatures (others)
  A hungry ghost (D:7)
  3 slaves (D:7)
  An orc priest (D:7)
  A jelly (D:8)
6 creatures vanquished.

Grand Total: 184 creatures vanquished

Notes
Turn   | Place    | Note
-------+----------+-------------------------------------------
     0 | D:1      | silenth the Hill Orc Fighter began the quest for the Orb.
     0 | D:1      | Reached XP level 1. HP: 19/19 MP: 1/1
    29 | D:1      | Reached skill level 3 in Axes
   171 | D:1      | Reached XP level 2. HP: 27/27 MP: 2/2
   387 | D:1      | Reached skill level 4 in Fighting
   486 | D:1      | Reached skill level 4 in Axes
   799 | D:2      | Reached XP level 3. HP: 32/33 MP: 3/3
   916 | D:2      | Noticed Jessica
   927 | D:2      | Killed Jessica
   927 | D:2      | Reached skill level 5 in Axes
   927 | D:2      | Reached XP level 4. HP: 24/41 MP: 4/4
  1100 | D:2      | Noticed Terence
  1111 | D:2      | Killed Terence
  1270 | D:2      | Found a faded altar of an unknown god.
  1333 | D:3      | Noticed Natasha
  1340 | D:3      | Killed Natasha
  1340 | D:3      | Reached XP level 5. HP: 29/47 MP: 5/5
  1488 | D:3      | Reached skill level 6 in Axes
  1664 | D:3      | Reached skill level 5 in Fighting
  1729 | D:3      | Noticed Natasha
  1740 | D:3      | Killed Natasha
  2313 | D:4      | Reached XP level 6. HP: 51/56 MP: 6/6
  2358 | D:4      | Noticed an orc warrior
  2368 | D:4      | Reached skill level 7 in Axes
  2374 | D:4      | Killed an orc warrior
  2497 | D:4      | Found an opulent altar of Gozag.
  2693 | D:4      | Reached skill level 6 in Fighting
  2693 | D:4      | Reached skill level 8 in Axes
  2702 | D:4      | Identified the amulet "Gaidi" {Reflect rPois Str+2 Dex-5
                  | SH+2}
  2708 | D:4      | Reached XP level 7. HP: 56/63 MP: 7/7
  3243 | D:4      | Reached skill level 9 in Axes
  3423 | D:4      | Identified the +6 dagger of the Known World {speed, rC+ MR+
                  | SInv}
  3667 | D:5      | Entered Level 5 of the Dungeon
  3962 | D:5      | Noticed Menkaure
  3973 | D:5      | Killed Menkaure
  3973 | D:5      | Reached skill level 7 in Fighting
  3973 | D:5      | Reached XP level 8. HP: 58/73 MP: 8/8
  3986 | D:5      | Reached skill level 10 in Axes
  3989 | D:5      | Found a shimmering altar of Xom.
  3989 | D:5      | Found a glowing silver altar of Zin.
  3989 | D:5      | Noticed an angel
  4318 | D:5      | Noticed Prince Ribbit
  4364 | D:5      | Killed Prince Ribbit
  4364 | D:5      | Reached skill level 11 in Axes
  5009 | D:5      | Reached skill level 8 in Fighting
  5111 | D:6      | Found a staircase to the Ecumenical Temple.
  5115 | Temple   | Entered the Ecumenical Temple
  5308 | Temple   | Became a worshipper of Nemelex Xobeh the Trickster
  5432 | D:6      | Reached skill level 1 in Invocations
  5473 | D:6      | Received a gift from Nemelex Xobeh
  5628 | D:6      | Reached skill level 2 in Invocations
  6026 | D:6      | Reached skill level 3 in Invocations
  6026 | D:6      | Reached XP level 9. HP: 76/82 MP: 9/11
  6379 | D:7      | Reached * piety under Nemelex Xobeh
  6405 | D:7      | Reached skill level 4 in Invocations
  6405 | D:7      | Reached skill level 12 in Axes
  6413 | D:7      | Noticed Pikel
  6435 | D:7      | Killed Pikel
  6435 | D:7      | Reached skill level 5 in Invocations
  6741 | D:7      | Reached skill level 9 in Fighting
  6752 | D:7      | Reached skill level 6 in Invocations
  6891 | D:7      | Noticed a +0 dagger
  6892 | D:7      | Noticed a +0 hand axe
  6894 | D:7      | Found a hide-covered altar of Uskayaw.
  7304 | D:8      | Reached skill level 13 in Axes
  7317 | D:8      | Received a gift from Nemelex Xobeh
  7321 | D:8      | Reached skill level 7 in Invocations
  7330 | D:8      | Noticed a two-headed ogre
  7350 | D:8      | Killed a two-headed ogre
  7350 | D:8      | Reached skill level 8 in Invocations
  7350 | D:8      | Reached XP level 10. HP: 61/91 MP: 14/16
  7380 | D:8      | HP: 1/92 [orc warrior/+0 glaive (18)]
  7382 | D:8      | Slain by an orc warrior

Levels and vault maps discovered:
D:1:      dpeg_arrival_tiny_h, layout_loops_corners, minmay_shallow_snake_nest
D:2:      layout_rooms, chequers_ecumenical_altar_twisty, nrook_mini_vaults,
          uniq_terence, uniq_jessica
D:3:      layout_loops_ring, uniq_natasha
D:4:      layout_loops_corners, lemuel_coloured_pillars_altar, serial_bayou,
          serial_bayou_pond_d, serial_bayou_pond_d, serial_bayou_crossing,
          serial_bayou_ford_a, fountainhead, kennysheep_generic_room_4
D:5:      layout_gridville, grunt_temple_overflow_order_and_chaos_1,
          first_ration, uniq_menkaure, uniq_prince_ribbit1
D:6:      layout_loops_cross, minmay_temple_entry_gardened_gates, sigmund_army
D:7:      layout_loops_ring, dancing_weapons_uskayaw, uniq_pikel
D:8:      layout_gridville
Temple:   dpeg_five_rooms_temple

Skill      XL: |  1  2  3  4  5  6  7  8  9 |
---------------+----------------------------+-----
Axes           | 3 4 5 6 8 9 11 13 | 13.5
Fighting       | 4 5 6 7 8 9 |  9.6
Invocations    | 3 8 |  8.2
Armour         | |  3.2
Shields        | |  3.2

Action                   |  1- 3 |  4- 6 |  7- 9 | 10-12 || total
-------------------------+-------+-------+-------+-------++-------
Melee: War axe           |    99 |   169 |   486 |    27 ||   781
       Dagger            |       |       |    16 |       ||    16
 Abil: Draw Destruction  |       |       |     7 |     1 ||     8
  Use: Scroll            |     1 |     2 |     9 |       ||    12
       Potion            |     1 |     1 |     1 |     2 ||     5
  Eat: Chunk             |       |     6 |    11 |       ||    17
       Ration            |       |       |     9 |       ||     9
Armor: Scale mail        |    49 |       |       |       ||    49
       Chain mail        |       |    52 |       |       ||    52
       Ring mail         |       |    11 |    42 |       ||    53
       Skin              |       |     8 |       |       ||     8
       Plate armour      |       |       |   173 |    17 ||   190
Dodge: Dodged            |    29 |    36 |    74 |     7 ||   146
Block: Shield            |    67 |    83 |   219 |    13 ||   382
       Reflection        |       |       |     9 |       ||     9
